 Dungeon Crawl Stone Soup version 0.29.1-12-g30fa7ad0bf (webtiles) character file.

Game seed: 14600714444503123053

53 zlionsfan the Sneak (level 3, -3/28 HPs)
             Began as a Naga Enchanter on Jan 12, 2023.
             Slain by Terence
             ... wielding a +0 mace
              (5 damage)
             ... on level 2 of the Dungeon.
             The game lasted 00:05:02 (1961 turns).

zlionsfan the Sneak (Naga Enchanter)                Turns: 1961, Time: 00:05:03

Health: -3/28      AC:  2    Str: 10    XL:     3   Next: 87%
Magic:  4/6        EV: 10    Int: 21    God:
Gold:   40         SH:  0    Dex: 13    Spells: 3/6 levels left

rFire   . . .      SeeInvis +   a - +0 hand axe (drain)
rCold   . . .      Faith    .   (no shield)
rNeg    + . .      Spirit   .   b - +0 robe
rPois   +          Reflect  .   (no helmet)
rElec   .          Harm     .   (no cloak)
rCorr   .          Rampage  .   (no gloves)
Will    .....                   (no barding)
Stlth   +++.......              (no amulet)
HPRegen 0.09/turn               f - +6 ring of intelligence
MPRegen 0.10/turn               m - ring of positive energy

@: very slow
A: AC +1, large, see invisible, deformed body, poison resistance, slowness 2,
spit poison 1, naga tail 1
a: Spit Poison


You were on level 2 of the Dungeon.
You visited 1 branch of the dungeon, and saw 2 of its levels.

You collected 40 gold pieces.

Inventory:

Hand Weapons
 a - a +0 hand axe of draining (weapon)
 k - a +1 dagger
Armour
 b - a +0 robe (worn)
Jewellery
 f - a +6 ring of intelligence (left hand)
 m - a ring of positive energy (right hand)
Scrolls
 d - a scroll of identify {unknown}
 j - a scroll of noise {unknown}
Potions
 c - 2 potions of invisibility
 e - 3 potions of mutation {unknown}
 g - 2 potions of attraction {unknown}
 h - 2 potions of haste {unknown}
 i - a potion of heal wounds {unknown}
 l - a potion of brilliance {unknown}
 n - a potion of lignification {unknown}


   Skills:
 + Level 0.1 Fighting
 + Level 1.2 Short Blades
 + Level 2.0 Dodging
 + Level 5.4 Stealth
 + Level 2.3 Spellcasting
 + Level 3.4 Hexes
 + Level 0.2 Ice Magic


You had 3 spell levels left.
You knew the following spells:

 Your Spells              Type           Power      Damage    Failure   Level
a - Ensorcelled Hibernat  Hex/Ice        20%        N/A       11%         2
b - Shock                 Conj/Air       8%         1d3       14%         1

Your spell library contained the following spells:

 Spells                   Type           Power      Damage    Failure   Level
 Confusing Touch          Hex            16%        N/A       11%         3
 Tukima's Dance           Hex            16%        N/A       11%         3
 Dazzling Flash           Conj/Hex       18%        N/A       22%         3
 Swiftness                Air            2%         N/A       41%         3
 Airstrike                Air            1%         2d(1-17)  82%         4


Dungeon Overview and Level Annotations

Branches:
Dungeon (2/15)

Altars:
Makhleb

Annotations:
D:2 Terence


Innate Abilities, Weirdness & Mutations

Your serpentine skin is tough. (AC +1)
You have supernaturally acute eyesight. (SInv)
Armour fits poorly on your strangely shaped body.
Your system is resistant to poisons. (rPois)
You cover ground very slowly.
You can spit poison.
You have a snake-like lower body.


Message History

Found a dagger.
Terence the Incautious comes into view.
He is wielding a +0 mace, wearing a +3 scale mail of poison resistance and carrying a wand of digging (6).
The goblin unwields a +0 rapier.
The goblin wields a +0 sling.
The goblin shoots a sling bullet.
The sling bullet hits you.
The goblin unwields a +0 sling.
The goblin wields a +0 rapier.
The goblin closely misses you.
Terence drinks a potion.
Terence flickers and vanishes for a moment.
You miss the goblin. The goblin hits you with a +0 rapier.
Aiming: Spit Poison (2% risk of failure)
Press: ? - help, Q - select action, (/) - cycle Shift-Dir - straight line, f - Terence
Aim: Terence, wielding a +0 mace, wearing a +3 scale mail of poison resistance and carrying a wand of digging (6) (slightly transparent, 65% to hit)
The splash of poison hits Terence.
Terence is poisoned.
Terence is lightly wounded.
The goblin closely misses you.
You hit the goblin. You drain the goblin.
You kill the goblin!
Casting: Ensorcelled Hibernation (safe; 11% risk of failure)
Confirm with . or Enter, or press ? or * to list all spells.
Aiming: Ensorcelled Hibernation (safe; 11% risk of failure)
Press: ? - help, Shift-Dir - straight line, f/p - Terence
Aim: Terence, wielding a +0 mace, wearing a +3 scale mail of poison resistance and carrying a wand of digging (6) (moderately wounded, slightly transparent, poisoned, chance to affect: 52%) Terence looks drowsy...
The helpless Terence fails to defend himself.
You hit Terence. You drain Terence.
Terence is severely wounded.
You have got your breath back.
Terence hits you with a +0 mace!
You closely miss Terence.
Terence is severely wounded.
Terence hits you with a +0 mace.
* * * LOW HITPOINT WARNING * * *
You hit Terence but do no damage. Your punch misses Terence.
Terence is almost dead.
Terence looks more healthy.
Terence closely misses you.
You hit Terence but do no damage.
Terence is almost dead.
Terence hits you with a +0 mace!
* * * LOW HITPOINT WARNING * * *
Terence hits you with a +0 mace.
You die...

### ..## #. #.## #. #.##
#.# #.##
####..################...
........(................
.........################
......_.@# #.......
.......@.# #.......
.......).# #.......
#........# #.......
#......_.. #.##.......
#.......... #..........
..)......### #####......
#......... #<..'......
#.####.... ######......


You could see Terence (invisible, very drained).

Vanquished Creatures
  A gnoll (D:1)
  2 adders (D:2)
  A dart slug (D:1)
  6 ball pythons
  3 bats
  A giant cockroach (D:1)
  A hobgoblin (D:2)
  3 jackals (D:1)
  A quokka (D:1)
  A goblin (D:2)
  2 kobolds
  A rat (D:1)
23 creatures vanquished.

Notes
Turn   | Place    | Note
-------+----------+-------------------------------------------
     0 | D:1      | zlionsfan the Naga Enchanter began the quest for the Orb.
     0 | D:1      | Reached XP level 1. HP: 15/15 MP: 3/3
   445 | D:1      | Reached XP level 2. HP: 4/22 MP: 5/5
   697 | D:1      | Learned a level 2 spell: Ensorcelled Hibernation
  1085 | D:1      | Reached skill level 5 in Stealth
  1085 | D:1      | Reached XP level 3. HP: 28/28 MP: 1/6
  1634 | D:2      | Learned a level 1 spell: Shock
  1946 | D:2      | Found a burning altar of Makhleb.
  1949 | D:2      | Found a faded altar of an unknown god.
  1951 | D:2      | Noticed Terence
  1961 | D:2      | Slain by Terence

Illustrated notes

Levels and vault maps discovered:
D:1:      dpeg_arrival_rhombus, layout_basic
D:2:      layout_basic, basic_ecumenical_altar, basic_altar,
          minmay_misc_feat_enclosed, minivault_11, uniq_crazy_yiuf_cottage,
          uniq_terence

Skill      XL: |  1  2  3 |
---------------+----------+-----
Stealth        | 5 |  5.4
Dodging        | 2 |  2.0
Fighting       | |  0.1
Short Blades   | |  1.2
Spellcasting   | |  2.3
Hexes          | |  3.4
Ice Magic      | |  0.2

Action                   || total
-------------------------++-------
Melee: Dagger            ||    50
       Hand axe          ||    10
 Cast: Ensorcelled Hiber ||     9
       Shock             ||     1
 Abil: Spit Poison       ||    11
 Stab: Sleeping          ||    11
Armor: Robe              ||    11
Dodge: Dodged            ||    29
